 Dungeon Crawl Stone Soup version 0.27-a0-295-ge1136d6ca4 (webtiles) character file.

Game seed: 5212689571337853363

37 Nattfarinn the Vexing (level 3, -6/20 HPs)
             Began as a Deep Elf Arcane Marksman on Feb 9, 2021.
             Mangled by a gnoll
             ... wielding a +0 halberd
              (13 damage)
             ... on level 2 of the Dungeon.
             The game lasted 00:02:49 (1681 turns).

Nattfarinn the Vexing (Deep Elf Arcane Marksman)    Turns: 1681, Time: 00:02:49

Health: -6/20      AC:  2    Str:  7    XL:     3   Next: 21%
Magic:  8/8        EV: 13    Int: 17    God:
Gold:   57         SH:  0    Dex: 16    Spells: 5/6 levels left

rFire    . . .     SeeInvis .   a - +0 shortbow
rCold    . . .     Faith    .   (shield currently unavailable)
rNeg     . . .     Spirit   .   e - +0 robe
rPois    .         Reflect  .   (no helmet)
rElec    .         Harm     .   (no cloak)
rCorr    .         Rampage  .   (no gloves)
Will     .....                  (no boots)
Stlth    +.........             (no amulet)
HPRegen  0.06/turn              (no ring)
MPRegen  0.11/turn              (no ring)

@: no status effects
A: no striking features
a: no special abilities


You were on level 2 of the Dungeon.
You visited 1 branch of the dungeon, and saw 2 of its levels.

You collected 57 gold pieces.

Inventory:

Hand Weapons
 a - a +0 shortbow (weapon)
Missiles
 d - 30 arrows (quivered ammo)
Armour
 e - a +0 robe (worn)
Scrolls
 b - a scroll of remove curse {unknown}
 g - a scroll of enchant armour {unknown}
 h - a scroll of enchant weapon {unknown}
 i - 2 scrolls of identify {unknown}
Potions
 c - a potion of haste {unknown}
 f - 2 potions of heal wounds {unknown}


   Skills:
 - Level 0.7 Fighting
 + Level 3.3 Bows
 - Level 2.4 Dodging
 + Level 2.4 Spellcasting
 * Level 5.0 Hexes


You had 5 spell levels left.
You knew the following spells:

 Your Spells              Type           Power        Failure   Level
a - Corona                Hex            21%          2%          1

Your spell library contained the following spells:

 Spells                   Type           Power        Failure   Level
 Slow                     Hex            19%          3%          2
 Inner Flame              Hex/Fire       10%          21%         3
 Portal Projectile        Hex/Tloc       20%          21%         3
 Cause Fear               Hex            9%           24%         4
 Leda's Liquefaction      Hex/Erth       5%           54%         4


Dungeon Overview and Level Annotations

Branches:
Dungeon (2/15)

Altars:


Message History

d - 33 arrows (gained 1)
d - 35 arrows (gained 2)
The gnoll shouts! x2
There is an open door here.
There are monsters nearby!
Unknown command.
Fire: 35 arrows
Press: ? - help, Q - select action, (/) - cycle Shift-Dir - straight line, f - gnoll
Aim: a gnoll, wielding a +0 halberd (64% to hit)
You shoot an arrow. The arrow hits the gnoll.
The gnoll is moderately wounded.
The gnoll hits you from afar with a +0 halberd!
Ouch! That really hurt!
* * * LOW HITPOINT WARNING * * *
There is an open door here.
Fire: 34 arrows
Press: ? - help, Q - select action, (/) - cycle Shift-Dir - straight line, f/p - gnoll
Aim: a gnoll, wielding a +0 halberd (moderately wounded, 64% to hit)
You shoot an arrow. The arrow closely misses the gnoll.
The arrow hits the gnoll but does no damage.
The gnoll barely misses you.
Fire: 33 arrows
Press: ? - help, Q - select action, (/) - cycle Shift-Dir - straight line, f/p - gnoll
Aim: a gnoll, wielding a +0 halberd (moderately wounded, 64% to hit)
You shoot an arrow. The arrow closely misses the gnoll.
The gnoll barely misses you.
Fire: 32 arrows
Press: ? - help, Q - select action, (/) - cycle Shift-Dir - straight line, f/p - gnoll
Aim: a gnoll, wielding a +0 halberd (moderately wounded, 64% to hit)
You shoot an arrow.
The arrow hits the gnoll but does no damage.
The gnoll is moderately wounded.
The gnoll barely misses you.
Fire: 31 arrows
Press: ? - help, Q - select action, (/) - cycle Shift-Dir - straight line, f/p - gnoll
Aim: a gnoll, wielding a +0 halberd (moderately wounded, 64% to hit)
You shoot an arrow. The arrow barely misses the gnoll. x2
The gnoll hits you from afar with a +0 halberd!
Ouch! That really hurt!
You die...

.......# .......#######
###..........# #####
###.#.######.# #...#
#...#.....##.# #...######
#.#######.##.# #........# #.#
#.##.# #.......)#
#.#######.##.#######........#####
#.........##..).@.gg..(((........
#.##########.#######........#####
### #.# ####.....# +.# #.....#
#.# ####### #>. #.# ...


You could see 2 gnolls.

Vanquished Creatures
  A gnoll (D:2)
  An adder (D:2)
  A dart slug (D:1)
  2 bats
  3 goblins (D:1)
  4 hobgoblins
  A frilled lizard (D:1)
  3 rats (D:1)
16 creatures vanquished.

Notes
Turn   | Place    | Note
-------+----------+-------------------------------------------
     0 | D:1      | Nattfarinn the Deep Elf Arcane Marksman began the quest for
                  | the Orb.
     0 | D:1      | Reached XP level 1. HP: 11/11 MP: 5/5
   225 | D:1      | Reached XP level 2. HP: 16/16 MP: 7/7
  1498 | D:2      | Reached skill level 5 in Hexes
  1498 | D:2      | Reached XP level 3. HP: 11/20 MP: 8/8
  1681 | D:2      | Mangled by a gnoll

Illustrated notes

Levels and vault maps discovered:
D:1:      dpeg_arrival_concentric_ovals, layout_basic
D:2:      layout_basic

Skill      XL: |  1  2 |
---------------+-------+-----
Bows           | 3 |  3.3
Spellcasting   | 2 |  2.4
Hexes          | 5 |  5.0
Fighting       | |  0.7
Dodging        | |  2.4

Action                   || total
-------------------------++-------
 Fire: Shortbow          ||    59
 Cast: Corona            ||     3
  Use: Potion            ||     1
Armor: Robe              ||     3
Dodge: Dodged            ||    18

Table legend: (Time is in decaauts)
 A = Elapsed time spent in this place.
 B = Non-inter-level travel time spent in this place.
 C = Inter-level travel time spent in this place.
 D = Time resting spent in this place.
 E = Time spent auto-exploring this place.
 F = Levels seen in this place.
 G = Mean time per level.
                   A        B        C        D        E       F      G
               +--------+--------+--------+--------+--------+-----+--------+
         Total |   1690 |   1638 |     52 |    415 |   1066 |   2 |  845.0 |
       Dungeon |   1690 |   1638 |     52 |    415 |   1066 |   2 |  845.0 |
               +--------+--------+--------+--------+--------+-----+--------+

Top non-repeatable levels by time:
     D:1: 1062 daAuts
     D:2: 627 daAuts
